Map: Thunderbird LE

Players

Neeb

  • Race: Protoss Protoss
  • Spawn Location: 5:00

ShaDoWn - Winner!

  • Race: Protoss Protoss
  • Spawn Location: 11:00

VOD

Have the link to the VOD?

Description

Time

  • Played on: Sept. 6, 2019, 7:44 p.m.
  • Length: 10:06
Show
View Real Time Build Order
Export as new Build Order

Neeb Protoss 

Build Orders: Phoenix Opening, Zealot Archon 

Get SALT Encoding   

  12  0:00  Probe  
  13  0:13  Probe  
  14  0:17  Pylon  
  14  0:24  Probe  
  15  0:32  Probe  
  15  0:36  Gateway  
  15  0:40  Probe  
  16  0:45  Assimilator  
  17  0:51  Probe  
  17  0:54  Assimilator  
  18  0:59  Probe  
  19  1:07  Gateway, Probe  
  19  1:17  Probe  
  20  1:23  Cybernetics Core  
  21  1:29  Probe  
  22  1:34  Pylon  
  22  1:42  Probe  
  23  1:54  Probe  
  24  2:00  Warp Gate, Stalker x2  
  28  2:06  Probe  
  29  2:12  Pylon  
  29  2:30  Stalker x2  
  33  2:44  Probe  
  34  2:53  Shield Battery  
  34  3:00  Nexus  
  33  3:06  Sentry  
  33  3:07  Sentry  
  33  3:08  Probe  
  37  3:16  Probe  
  37  3:23  Pylon  
  37  3:24  Probe  
  38  3:27  Robotics Facility  
  39  3:39  Probe  
  39  3:40  Phoenix  
  39  3:47  Probe  
  40  3:49  Stalker x2  
  45  3:56  Probe  
  45  3:57  Shield Battery  
  46  4:07  Probe  
  47  4:11  Probe  
  47  4:12  Stalker  
  47  4:15  Probe  
  50  4:19  Probe, Stalker  
  50  4:23  Probe  
  54  4:27  Probe  
  56  4:33  Pylon  
  56  4:34  Probe  
  57  4:39  Forge  
  57  4:41  Probe  
  58  4:46  Assimilator  
  58  4:48  Assimilator  
  57  4:54  Probe x2  
  58  5:06  Probe x2  
  60  5:12  Protoss Ground Weapons Level 1  
  60  5:17  Twilight Council  
  60  5:18  Probe  
  60  5:19  Probe  
  62  5:27  Gateway x2  
  62  5:29  Observer  
  62  5:31  Probe x2  
  62  5:34  Pylon  
  65  5:42  Pylon  
  65  5:43  Warp Prism  
  65  5:47  Charge  
  65  5:59  Templar Archives  
  65  6:07  Stalker x2  
  63  6:23  Probe  
  63  6:24  Stalker x2  
  64  6:35  Probe  
  64  6:37  Zealot x2  
  69  6:45  Gateway  
  69  6:46  Gateway  
  69  6:49  Gateway  
  69  6:50  Gateway  
  69  6:52  High Templar x4  
  76  6:55  Pylon  
  76  6:57  Archon x2  
  75  7:12  Protoss Ground Weapons Level 2  
  75  7:16  Probe  
  76  7:26  Zealot x2  
  76  7:27  Zealot  
  80  7:37  Warp Prism, Pylon  
  80  7:54  Probe x2, Nexus  
  80  7:55  Pylon  
  82  7:59  Zealot x2, High Templar x4  
  82  8:02  Pylon x2  
  82  8:03  Archon  
  94  8:05  Archon  
  94  8:13  Probe x2  
  94  8:17  Immortal  
  100  8:25  Probe  
  99  8:29  Probe  
  98  8:37  Probe, Stalker  
  101  8:41  Probe  
  101  8:42  High Templar  
  101  8:43  Zealot x4, High Templar  
  101  8:47  Archon  
  114  8:57  Probe x2  
  114  9:02  Zealot  
  118  9:09  Pylon  
  119  9:11  Pylon  
  119  9:12  Pylon  
  119  9:15  Probe, Assimilator  
  121  9:19  Zealot, High Templar x2, Assimilator  
  125  9:24  Archon  
  125  9:27  Zealot x2  
  129  9:32  Pylon  
  129  9:35  Zealot, High Templar x2  
  135  9:40  Archon  
  113  9:53  Zealot x5  
Show
View Real Time Build Order
Export as new Build Order

ShaDoWn Protoss - Winner!

Build Orders: Oracle Opening, Zealot Archon 

Get SALT Encoding   

  12  0:01  Probe  
  13  0:13  Probe  
  14  0:17  Pylon  
  14  0:24  Probe  
  15  0:33  Probe  
  15  0:37  Gateway  
  15  0:41  Probe  
  16  0:47  Assimilator  
  17  0:52  Probe  
  17  0:55  Assimilator  
  18  1:01  Probe  
  19  1:10  Gateway, Probe  
  19  1:18  Probe  
  20  1:24  Cybernetics Core  
  21  1:30  Probe  
  22  1:33  Pylon  
  22  1:42  Probe  
  23  1:54  Probe  
  23  2:00  Adept x2  
  28  2:11  Stargate, Pylon  
  29  2:17  Warp Gate  
  28  2:40  Nexus  
  28  2:44  Oracle  
  28  2:48  Probe  
  32  3:00  Probe  
  33  3:06  Robotics Facility  
  33  3:12  Probe  
  33  3:18  Pylon  
  32  3:25  Probe  
  35  3:37  Probe  
  35  3:39  Oracle  
  37  3:49  Immortal, Shield Battery, Probe  
  37  3:53  Probe  
  39  4:01  Probe  
  44  4:05  Probe  
  44  4:06  Adept  
  47  4:13  Probe  
  48  4:17  Probe  
  48  4:19  Sentry  
  48  4:22  Immortal  
  51  4:25  Probe  
  51  4:29  Probe  
  53  4:37  Probe  
  58  4:41  Probe  
  58  4:42  Pylon  
  59  4:46  Assimilator  
  59  4:48  Assimilator  
  59  4:49  Probe  
  59  4:50  Warp Prism  
  60  4:53  Probe  
  57  5:01  Probe  
  57  5:05  Probe  
  61  5:07  Forge  
  61  5:13  Probe  
  62  5:18  Probe  
  62  5:19  Pylon  
  63  5:23  Pylon, Twilight Council  
  63  5:25  Zealot  
  63  5:26  Probe  
  63  5:27  Observer  
  67  5:35  Gateway  
  67  5:36  Gateway  
  67  5:46  Protoss Ground Weapons Level 1  
  71  5:56  Adept x2  
  72  5:59  Observer  
  69  6:14  Immortal  
  69  6:20  Probe  
  72  6:29  Charge  
  72  6:30  Gateway  
  72  6:31  Gateway  
  70  6:34  Gateway, Stalker x2  
  70  6:36  Templar Archives  
  74  6:43  Gateway  
  74  6:45  Gateway x2  
  74  6:53  Pylon  
  74  7:00  Stalker x2  
  78  7:12  Pylon  
  78  7:15  Protoss Ground Weapons Level 2  
  78  7:21  Nexus  
  78  7:28  Pylon  
  78  7:37  Pylon  
  78  7:38  High Templar x4  
  78  7:42  Zealot x4  
  78  7:43  Archon x2  
  94  7:46  Probe x2  
  96  7:56  Pylon  
  96  7:59  Probe  
  97  8:08  Zealot x2, High Templar x2  
  97  8:10  Zealot x2  
  97  8:12  Pylon  
  109  8:14  Archon  
  109  8:19  Probe x2  
  111  8:32  Zealot x4, High Templar x2  
  123  8:34  Photon Cannon  
  123  8:37  Photon Cannon, Archon  
  123  8:41  Stalker  
  125  8:50  Stalker  
  127  9:03  Pylon  
  127  9:09  High Templar x2  
  131  9:10  Zealot x5  
  131  9:13  Archon  
  141  9:23  Pylon  
  141  9:24  Pylon  
  141  9:35  Pylon  
  137  9:40  Zealot x6  
  137  9:41  Zealot x2  
  153  9:46  Robotics Bay  
  119  10:03  Zealot x6  
Tags
 
Add a new tag
Caveats
  • Supply blocks, unpowered buildings, or Contaminate may cause inaccurate times.
  • Supply counts are checked every 10 seconds.